 Dungeon Crawl Stone Soup version 0.17-a0-1522-g6c5b4ba (webtiles) character file.

267085 HEYYEYAAE the Spry (level 19, -21/108 HPs)
             Began as a Spriggan Berserker on July 14, 2015.
             Was a High Priest of Trog.
             Killed from afar by a deep elf annihilator (65 damage)
             ... with a crystal spear
             ... on level 3 of the Elven Halls.
             The game lasted 02:47:01 (43039 turns).

HEYYEYAAE the Spry (Spriggan Berserker)            Turns: 43039, Time: 02:47:02

Health: -21/108    AC: 30    Str: 31    XL:     19   Next: 34%
Magic:  40/40      EV: 30    Int:  5    God:    Trog [*****.]
Gold:   1926       SH: 14    Dex: 29    Spells: 0 memorised, 26 levels left

rFire  + . .     SeeInvis +     G - +3 rapier (elec)
rCold  + . .     Clarity  +     Z - +5 gold dragon armour "Locugg Hira" {rPois rF+ rC+ MR+ Int+2 Dex+6}
rNeg   . . .     SustAt   .     v - +3 buckler {AC+3}
rPois  +         Gourm    .     R - +2 hat {MR+}
rElec  +         Spirit   .     P - +2 cloak {rPois}
rCorr  .         Warding  .     (gloves unavailable)
rMut   .         Stasis   .     (boots unavailable)
MR     +++++                    m - amulet of clarity
Stlth  ..........               Q - ring of Ekipnuirr {rElec Str+3 Int-4 SInv Stlth+}
                                r - ring of the Lily {MP+9 Str+4 Int-3 Dex+7}

@: mighty, regenerating, very quick, almost entirely resistant to hostile
enchantments, extremely unstealthy
A: unfitting armour, talons 1, see invisible, blink 1, breathe flames 1,
herbivore 3, speed 3, slow metabolism 2
a: Blink, Burn Spellbooks, Berserk, Trog's Hand, Brothers in Arms, Renounce
Religion, Breathe Fire
}: 2/15 runes: barnacled, gossamer


You were on level 3 of the Elven Halls.
You worshipped Trog.
Trog was extremely pleased with you.
You were not hungry.

You visited 7 branches of the dungeon, and saw 40 of its levels.
You also visited: Labyrinth, Ice Cave, Volcano and Wizlab.

You collected 4379 gold pieces.
You spent 2453 gold pieces at shops.

Inventory:

Hand weapons
 f - a +7 quick blade
 g - a +0 quick blade of freezing
 p - a +7 antimagic quick blade
 G - a +3 rapier of electrocution (weapon)
Armour
 v - a +3 buckler of protection (worn)
 P - a +2 cloak of poison resistance (worn)
 R - a +2 hat of magic resistance (worn)
 Z - the +5 gold dragon armour "Locugg Hira" (worn) {rPois rF+ rC+ MR+ Int+2 Dex+6}
   (You acquired it on level 4 of the Orcish Mines)

   It affects your intelligence (+2).
   It affects your dexterity (+6).
   It protects you from fire.
   It protects you from cold.
   It protects you from poison.
   It affects your resistance to hostile enchantments.
Jewellery
 i - an uncursed ring of protection from fire
 m - an amulet of clarity (around neck)
 r - the ring of the Lily (left hand) {MP+9 Str+4 Int-3 Dex+7}
   (You found it on level 1 of the Elven Halls)

   [ring of magical power]

   It affects your strength (+4).
   It affects your intelligence (-3).
   It affects your dexterity (+7).
   It affects your magic capacity (+9).
 u - an uncursed ring of wizardry
 A - an uncursed amulet of faith
 F - an uncursed ring of teleportation
 N - the ring of Res Nullius {rN+ Dex+5}
   (You found it on level 12 of the Dungeon)

   [ring of positive energy]

   It affects your dexterity (+5).
   It protects you from negative energy.
 Q - the ring of Ekipnuirr (right hand) {rElec Str+3 Int-4 SInv Stlth+}
   (You found it in an ice cave)

   [ring of strength]

   It affects your strength (+3).
   It affects your intelligence (-4).
   It insulates you from electricity.
   It lets you see invisible.
   It makes you more stealthy.
 U - an uncursed ring of flight
 V - the ring "Sulu" {rC+ MR- Dex+9}
   (You found it in a labyrinth)

   [ring of protection from cold]

   It affects your dexterity (+9).
   It protects you from cold.
   It affects your resistance to hostile enchantments.
 Y - an uncursed amulet of guardian spirit
Magical devices
 w - a wand of digging (6)
 D - a wand of paralysis (0)
 L - a wand of confusion (4)
Scrolls
 a - a scroll of fear
 d - 6 scrolls of magic mapping
 j - 18 scrolls of remove curse
 k - 4 scrolls of enchant armour
 l - 10 scrolls of teleportation
 q - 10 scrolls of blinking
 B - a scroll of silence {unknown}
 C - a scroll of summoning
 H - 8 scrolls of recharging
 K - 6 scrolls of fog
 M - 2 scrolls of holy word
 T - 3 scrolls of vulnerability
 W - a scroll of torment
Potions
 b - 5 potions of ambrosia
 e - 15 potions of flight
 h - 6 potions of heal wounds
 n - 8 potions of might
 o - 10 potions of agility
 s - 4 potions of haste
 y - 5 potions of resistance
 z - 3 potions of berserk rage
 E - 13 potions of curing
 I - a potion of cure mutation
 O - 3 potions of lignification
 S - 2 potions of magic
 X - 3 potions of brilliance
Books
 x - a book of Spatial Translocations

   Spells                             Type                      Level
   a - Apportation                    Translocation                1
   b - Blink                          Translocation                2
   c - Shroud of Golubria             Charms/Translocation         2
   d - Portal Projectile              Translocation                3
   e - Teleport Other                 Translocation                3
   f - Passage of Golubria            Translocation                4
   Trog disapproves of the use of such an item.
 J - the Guide on the Birds
   (You found it in a wizard's laboratory)

   Spells                             Type                      Level
   a - Repel Missiles                 Charms/Air                   2
   b - Swiftness                      Charms/Air                   2
   c - Mephitic Cloud                 Conjuration/Poison/Air       3
   d - Summon Lightning Spire         Summoning/Air                4
   e - Silence                        Hexes/Air                    5
   f - Deflect Missiles               Charms/Air                   6
   g - Conjure Ball Lightning         Conjuration/Air              6
   h - Poisonous Cloud                Conjuration/Poison/Air       6
   Trog disapproves of the use of such an item.
Comestibles
 c - 10 bread rations
 t - 2 fruits


   Skills:
 * Level 15.2 Fighting
 - Level 14.4 Short Blades
 + Level 10.1 Armour
 + Level 17.9 Dodging
 - Level 11.9 Stealth
 + Level 10.4 Shields
 * Level 8.7 Unarmed Combat
 - Level 4.0 Spellcasting
 + Level 14.8 Evocations


You had 26 spell levels left.
You didn't know any spells.

Dungeon Overview and Level Annotations

Branches:
Dungeon (15/15)            Temple (0/1) D:7            Lair (8/8) D:8
 Shoals (4/4) Lair:3       Spider (4/4) Lair:4        Slime (2/6) Lair:8
    Orc (4/4) D:10            Elf (3/3) Orc:3        Vaults (0/5) D:14
 Depths (0/5) D:15

Altars:
Fedhas
Gozag
Nemelex Xobeh
Okawaru
Qazlal
Ru
Sif Muna
Trog
Zin
Beogh
Jiyva

Shops:
D:6 (   D:8 (*[*   D:9 [   D:12 ?(*=   D:14 *   Orc:2 *   Orc:4 ([*:   Elf:1 [


Innate Abilities, Weirdness & Mutations

You are tiny and cannot use many weapons and most armour.
You have supernaturally acute eyesight.
You are a herbivore.
You cover ground extremely quickly.
You need consume almost no food.
You have sharp toenails.
You can translocate small distances at will.
You can breathe flames.


Message History

The deep elf knight gestures wildly while chanting.
The deep elf knight flickers and vanishes for a moment.
You puncture the deep elf annihilator!
Your kick misses the deep elf annihilator.
The deep elf annihilator is lightly wounded.
The deep elf annihilator gestures at you while chanting.
The iron shot hits you!
The small abomination barely misses you.
Unknown command.
Use which ability? (? or * to list)
Your skin crawls.
You feel resistant to hostile enchantments.
You feel slightly more hungry.
The deep elf high priest calls down the wrath of its god upon you.
Something smites you!
The small abomination hits you but does no damage.
The deep elf annihilator casts a spell at you.
The crystal spear hits you!
Ouch! That really hurt!
You die...

#..# ##........).####.# ##''##
##........#####.# #....##
######.......#.# ### ####.....#
#.......#.# #.. ).##.....#
#....)..#.#####.. ...'.....#
#.......'.......# ..##.....#
#.......'..####.. ..##.....#
###.......##.# #.. ..##.....#
#)@e......##.# #.. ..##.....#
#x#.......##.# #.. +####<...#
#e######..##'## #.. .....<#+##
***#e#****###....# #..
......#*****4,ee.e3,***###..# #..
.....##***,53eee1e,,,,***##.###..
....##**,,,,5..3.e2,,,,,**##'.)..
...##**,,,,.5....1..,,,,,**####..
..##**,,,,...###.....,,,,,** #..


You could see a deep elf annihilator, a deep elf death mage, a soul eater, a
deep elf demonologist, 2 deep elf knights, a deep elf high priest, a deep elf
priest and a small abomination.

Vanquished Creatures
  Nikola (Elf:1)
  A Cloud Mage (WizLab)
  The ghost of kroki the Brawler, a mighty TrCK of Xom (Shoals:1)
  A deep elf master archer (Elf:3)
  4 acid blobs (Slime:1)
  A tengu reaver (D:14)
  An azure jelly (Slime:1)
  Ilsuiw (Shoals:4)
  Wiglaf (Spider:2)
  5 deep elf sorcerers
  An orc warlord (Orc:4)
  A fire giant (D:15)
  Aizul (Spider:2)
  3 ghost moths (Spider:4)
  7 emperor scorpions
  A deep elf demonologist (Elf:3)
  2 deep elf annihilators
  Azrael (Spider:1)
  7 merfolk impalers
  4 merfolk javelineers (Shoals:4)
  2 great orbs of eyes (Slime:1)
  A death ooze (Slime:1)
  A deep elf high priest (Elf:1)
  A minotaur (Lab)
  11 hydras
  An entropy weaver (Spider:2)
  6 vault guards (D:14)
  3 catoblepae
  An ogre mage (D:15)
  5 merfolk avatars
  An alligator snapping turtle (Shoals:1)
  2 merfolk aquamancers (Shoals:4)
  11 dancing weapons (Elf:2)
  7 death yaks
  5 orc high priests
  Sonja (Lair:2)
  Nergalle (D:10)
  A sun demon (Volcano)
  A fire crab (shapeshifter) (Elf:2)
  14 deep elf knights
  2 unseen horrors
  3 skeletal warriors (D:15)
  2 small abominations
  9 deep elf summoners
  9 sea snakes
  14 harpies (Shoals:4)
  10 hill giants
  2 orc knights (Orc:4)
  15 orb spiders
  9 deep elf conjurers
  20 wolf spiders
  7 griffons
  7 water nymphs
  4 ugly things
  An oklob plant (D:6)
  5 hornets
  7 fauns
  2 moths of wrath
  A moth of wrath (shapeshifter) (Elf:2)
  9 sirens
  10 manticores
  A toenail golem (Volcano)
  4 cyclopes
  An octopode (shapeshifter) (Elf:2)
  9 elephants
  5 black mambas
  3 orc sorcerers
  3 gargoyles
  A torpor snail (Lair:8)
  4 molten gargoyles
  8 komodo dragons
  2 kobold demonologists (D:11)
  16 deep elf priests
  8 demonic crawlers
  7 centaur skeletons
  9 spiny frogs
  A tengu conjurer (D:14)
  7 trolls
  An efreet (D:14)
  2 red devils (Volcano)
  9 merfolk
  30 slime creatures
  7 polar bears
  3 fire drakes
  13 jumping spiders
  11 wind drakes
  A hornet zombie (D:14)
  6 snapping turtles
  32 blink frogs
  30 air elementals (WizLab)
  6 boulder beetles
  3 two-headed ogres
  A tarantella (shapeshifter) (D:14)
  2 wraiths
  5 water elementals
  26 redbacks
  2 shadows
  13 hippogriffs
  A hungry ghost (D:11)
  5 basilisks
  20 deep elf magi
  2 fire bats (Volcano)
  18 tarantellas
  32 trapdoor spiders
  32 deep elf fighters
  52 yaks
  A human (shapeshifter) (D:14)
  A yak (shapeshifter) (Elf:1)
  4 wyverns
  A wyvern (shapeshifter) (D:14)
  6 wargs
  2 vampire mosquitoes (D:14)
  12 insubstantial wisps (WizLab)
  2 mottled dragons
  14 spiders
  14 water moccasins
  35 orc warriors
  4 sky beasts
  31 wolves
  A necrophage (D:12)
  4 ice beasts
  9 porcupines
  5 hell hounds
  An eye of draining (D:15)
  A black bear (D:9)
  A phantom (D:9)
  2 wasps
  7 ogres
  13 centaurs
  12 crocodiles
  13 big kobolds
  A wyvern zombie (D:15)
  5 earth elementals (D:12)
  16 giant frogs
  4 scorpions
  2 wyvern skeletons
  5 wights (D:9)
  35 killer bees
  7 lava snakes
  6 electric eels
  2 giant frog zombies
  7 crimson imps
  16 jellies
  2 centaur zombies
  A wasp zombie (D:12)
  2 giant frog skeletons
  5 hounds
  29 orc wizards
  6 iguanas
  25 orc priests
  8 worker ants
  17 sheep
  3 killer bee zombies
  A hound skeleton (D:10)
  2 worker ant zombies
  76 river rats
  2 shadow imps
  9 adders
  An ooze (D:1)
  2 adder zombies
  3 worms
  4 giant geckos
  152 orcs
  A ball python (D:3)
  3 bat skeletons
  A bat zombie (D:1)
  9 giant cockroaches
  16 goblins
  39 hobgoblins
  15 jackals
  6 quokkas
  10 bats
  A giant gecko skeleton (D:4)
  4 giant newts
  35 kobolds
  11 rats
  A crawling corpse (Elf:3)
1527 creatures vanquished.

Vanquished Creatures (collateral kills)
  Saint Roka (Orc:4)
  Polyphemus (Shoals:3)
  A frost giant (IceCv)
  2 vault guards (D:14)
  A centaur warrior (D:14)
  2 death yaks
  4 dancing weapons (Elf:2)
  7 skeletal warriors
  A deep elf knight (Elf:2)
  An ice statue (IceCv)
  A griffon (Shoals:3)
  A wolf spider (D:14)
  An orc sorcerer (Orc:4)
  A water nymph (Shoals:4)
  A siren (Shoals:4)
  A gargoyle (D:12)
  A torpor snail (Spider:1)
  A demonic crawler (Spider:3)
  A merfolk (Shoals:1)
  A jumping spider (Spider:1)
  5 polar bears (IceCv)
  A shadow (D:14)
  A trapdoor spider (Spider:3)
  A redback (Spider:1)
  A tarantella (Spider:1)
  A deep elf fighter (Elf:2)
  2 fire elementals (Spider:1)
  4 wolves (IceCv)
  A spider (Spider:1)
  4 orc warriors (Orc:4)
  An ogre (D:12)
  3 centaurs
  An earth elemental (D:12)
  5 killer bees
  4 orc wizards
  An iguana (D:9)
  4 orc priests (Orc:4)
  4 orcs (Orc:4)
75 creatures vanquished.

Vanquished Creatures (others)
  A merfolk javelineer (Shoals:4)
  A merfolk aquamancer (Shoals:4)
  2 merfolk
  A polar bear (IceCv)
  A trapdoor spider (Spider:4)
  4 deep elf magi
  A wolf (IceCv)
  3 deep elf fighters
  An orc wizard (D:3)
  A jackal (D:9)
  2 crawling corpses (Elf:3)
  3 fungi
21 creatures vanquished.

Grand Total: 1623 creatures vanquished

Notes
Turn   | Place    | Note
--------------------------------------------------------------
     0 | D:1      | HEYYEYAAE the Spriggan Berserker began the quest for the Orb.
     0 | D:1      | Reached XP level 1. HP: 11/11 MP: 2/2
    61 | D:1      | Reached skill level 1 in Stealth
    94 | D:1      | Reached XP level 2. HP: 14/16 MP: 3/3
   427 | D:1      | Reached XP level 3. HP: 16/19 MP: 4/4
   437 | D:1      | Acquired Trog's second power
  1289 | D:2      | Found a blossoming altar of Fedhas.
  1292 | D:2      | Found an opulent altar of Gozag.
  1593 | D:2      | Reached XP level 4. HP: 24/24 MP: 5/5
  1630 | D:2      | Found a stormy altar of Qazlal.
  1633 | D:2      | Found an iron altar of Okawaru.
  1641 | D:2      | Found a deep blue altar of Sif Muna.
  1658 | D:2      | Found a sparkling altar of Nemelex Xobeh.
  1662 | D:2      | Found a sacrificial altar of Ru.
  1965 | D:3      | Reached skill level 5 in Dodging
  2079 | D:3      | Reached XP level 5. HP: 22/28 MP: 6/6
  2102 | D:3      | Reached skill level 1 in Armour
  2319 | D:3      | Found a bloodstained altar of Trog.
  2738 | D:4      | Noticed a hippogriff
  2777 | D:3      | Reached XP level 6. HP: 13/32 MP: 7/7
  3187 | D:4      | Killed a hippogriff
  3187 | D:4      | Reached skill level 5 in Short Blades
  3541 | D:4      | Acquired Trog's third power
  3661 | D:5      | Entered Level 5 of the Dungeon
  3828 | D:5      | Reached XP level 7. HP: 37/37 MP: 8/8
  3866 | D:5      | Reached skill level 1 in Shields
  4184 | D:5      | Reached skill level 6 in Dodging
  4277 | D:6      | Found Hufohor's Antique Weapon Shop.
  4280 | D:6      | Found a glowing silver altar of Zin.
  4281 | D:6      | Noticed an oklob plant
  4295 | D:6      | Killed an oklob plant
  4295 | D:6      | Reached skill level 5 in Stealth
  4295 | D:6      | Reached XP level 8. HP: 42/42 MP: 9/9
  4336 | D:6      | Reached skill level 5 in Fighting
  4481 | D:6      | Reached skill level 7 in Short Blades
  5006 | D:7      | Reached XP level 9. HP: 47/47 MP: 10/10
  5253 | D:7      | Found a staircase to the Ecumenical Temple.
  5619 | D:8      | Found Yla Zyjipn's General Store.
  5782 | D:8      | Found Kaoph's Armour Shop.
  5785 | D:8      | Received a gift from Trog
  5799 | D:8      | You fall through a shaft for 2 floors!
  5799 | D:10     | Entered Level 10 of the Dungeon
  5820 | D:10     | Reached skill level 8 in Short Blades
  6117 | D:9      | Found a bloodstained altar of Trog.
  6208 | D:9      | Reached skill level 1 in Evocations
  6326 | D:9      | Noticed a centaur skeleton
  6347 | D:9      | Killed a centaur skeleton
  6347 | D:9      | Reached XP level 10. HP: 42/53 MP: 4/12
  6372 | D:9      | Found Mowen's Armour Emporium.
  6405 | D:9      | Bought a +0 cloak of poison resistance for 102 gold pieces
  7334 | D:8      | Reached skill level 9 in Dodging
  7398 | D:8      | Found Gimaetan's Weapon Boutique.
  7645 | D:8      | Found a staircase to the Lair.
  7671 | D:8      | Found Beamobigh's Assorted Antiques.
  7674 | D:8      | Bought a scroll of identify for 60 gold pieces
  7674 | D:8      | Bought a flickering bone ring for 150 gold pieces
  7674 | D:8      | Bought 2 sapphire potions for 54 gold pieces
  7674 | D:8      | Bought a scroll of identify for 60 gold pieces
  7679 | D:8      | Identified the ring of Linearity {Fire -Tele rN+ MP+9 Dex+3} (You bought it in a shop on level 8 of the Dungeon)
  8716 | D:10     | Received a gift from Trog
  8751 | D:10     | Noticed a hill giant
  8757 | D:10     | Killed a hill giant
  8809 | D:10     | Noticed an unseen horror
  8839 | D:10     | Killed an unseen horror
  8839 | D:10     | Reached XP level 11. HP: 48/60 MP: 15/15
  9139 | D:10     | Noticed a hill giant
  9144 | D:10     | Killed a hill giant
  9144 | D:10     | Reached skill level 10 in Dodging
  9232 | D:10     | Found a stormy altar of Qazlal.
  9364 | D:10     | Noticed Nergalle
  9378 | D:10     | Killed Nergalle
  9436 | D:10     | Found a staircase to the Orcish Mines.
  9443 | Orc:1    | Entered Level 1 of the Orcish Mines
  9583 | Orc:1    | Reached skill level 10 in Stealth
  9912 | Orc:1    | Found a roughly hewn altar of Beogh.
 10359 | Orc:2    | Found Lebioxt's General Store.
 10373 | Orc:2    | Bought a potion of curing for 42 gold pieces
 10939 | Orc:3    | Found a staircase to the Elven Halls.
 10980 | Orc:3    | Received a gift from Trog
 11401 | Orc:3    | Reached skill level 5 in Armour
 11401 | Orc:3    | Reached skill level 5 in Evocations
 11716 | Orc:4    | Entered Level 4 of the Orcish Mines
 11749 | Orc:4    | Noticed Saint Roka
 11757 | Orc:4    | Found a labyrinth entrance.
 11764 | Lab      | Entered a labyrinth
 11925 | Lab      | Noticed a minotaur
 11947 | Lab      | Killed a minotaur
 11968 | Lab      | Got a faintly glowing jade ring
 12176 | Orc:4    | Reached skill level 11 in Stealth
 12617 | Orc:4    | Noticed an orc high priest
 12627 | Orc:4    | Killed an orc high priest
 12627 | Orc:4    | Reached skill level 5 in Shields
 12883 | Orc:4    | Reached XP level 12. HP: 25/66 MP: 17/17
 13043 | Orc:4    | Noticed an orc high priest
 13061 | Orc:4    | Killed an orc high priest
 13106 | Orc:4    | Received a gift from Trog
 13143 | Orc:4    | Noticed an orc warlord
 13189 | Orc:4    | Killed an orc warlord
 13460 | Orc:4    | Noticed an orc high priest
 13570 | Orc:4    | Killed Saint Roka
 13570 | Orc:4    | Reached skill level 10 in Short Blades
 13671 | Orc:4    | Killed an orc high priest
 13699 | Orc:4    | Found Foitoxze's Antique Armour Shoppe.
 13699 | Orc:4    | Found Ikuts's General Store.
 13699 | Orc:4    | Found Hinwutun's Antique Weapon Shoppe.
 13708 | Orc:4    | Found Pegapus's Book Emporium.
 13715 | Orc:4    | Bought a scroll of acquirement for 936 gold pieces
 13715 | Orc:4    | Bought a potion of heal wounds for 90 gold pieces
 13719 | Orc:4    | Got a twisted gold dragon armour
 13722 | Orc:4    | Identified the ring "Sulu" {rC+ MR- Dex+9} (You found it in a labyrinth)
 13757 | Orc:4    | Identified the +5 gold dragon armour "Locugg Hira" {rPois rF+ rC+ MR+ Int+2 Dex+6} (You acquired it on level 4 of the Orcish Mines)
 14022 | D:8      | Bought a potion of haste for 130 gold pieces
 14022 | D:8      | Bought a scroll of recharging for 123 gold pieces
 14525 | D:11     | Noticed an eight-headed hydra
 14601 | D:11     | Killed an eight-headed hydra
 14679 | D:11     | Reached skill level 10 in Fighting
 15188 | D:12     | Found Osucini's Assorted Antiques.
 15191 | D:12     | Found Joakh's Weapon Boutique.
 15223 | D:12     | Found Moaff's Magic Scroll Shop.
 15229 | D:12     | Bought a scroll of fog for 30 gold pieces
 15229 | D:12     | Bought a scroll of identify for 30 gold pieces
 15229 | D:12     | Bought a scroll of identify for 30 gold pieces
 15229 | D:12     | Bought a scroll of blinking for 112 gold pieces
 15229 | D:12     | Bought a scroll of teleportation for 45 gold pieces
 15359 | D:12     | Noticed an eight-headed hydra
 15378 | D:12     | Killed an eight-headed hydra
 15378 | D:12     | Reached XP level 13. HP: 72/72 MP: 19/19
 15395 | D:12     | Reached skill level 12 in Dodging
 15402 | D:12     | Received a gift from Trog
 15437 | D:12     | Found Raefu's Jewellery Shoppe.
 15683 | D:12     | Noticed a catoblepas
 15796 | D:12     | Killed a catoblepas
 15828 | D:12     | Got a brightly glowing golden ring
 15995 | D:12     | Identified the ring of Res Nullius {rN+ Dex+5} (You found it on level 12 of the Dungeon)
 16020 | D:13     | Found a frozen archway.
 16028 | IceCv    | Entered an ice cave
 16297 | IceCv    | Got a pitted silver ring
 16972 | IceCv    | Noticed a frost giant
 17005 | IceCv    | Killed a frost giant
 17762 | D:13     | Reached skill level 13 in Dodging
 18098 | D:13     | Gained mutation: You can translocate small distances at will. [potion of beneficial mutation]
 18099 | D:13     | Gained mutation: You can breathe flames. [potion of beneficial mutation]
 18303 | D:14     | Reached XP level 14. HP: 79/79 MP: 7/22
 18538 | D:14     | Identified the ring of Ekipnuirr {rElec Str+3 Int-4 SInv Stlth+} (You found it in an ice cave)
 18583 | D:14     | Found Laukiuq's Pet Rocks.
 18636 | D:14     | Noticed a tengu reaver
 18668 | D:14     | Killed a tengu reaver
 18856 | D:14     | Found a gate to the Vaults.
 18945 | D:14     | Reached skill level 10 in Evocations
 19595 | D:14     | Received a gift from Trog
 19741 | D:15     | Entered Level 15 of the Dungeon
 19869 | D:15     | Found a staircase to the Depths.
 19869 | D:15     | Noticed a fire giant
 20112 | D:15     | Killed a fire giant
 20936 | D:15     | Reached skill level 14 in Dodging
 21247 | D:12     | Bought a cursed amulet of guardian spirit for 459 gold pieces
 21424 | Elf:1    | Entered Level 1 of the Elven Halls
 21424 | Elf:1    | Noticed Nikola
 21466 | Elf:1    | Killed Nikola
 21592 | Elf:1    | Found Naih's Antique Armour Shoppe.
 21800 | Elf:1    | Reached XP level 15. HP: 58/84 MP: 16/24
 22051 | Elf:1    | Got a vibrating lapis lazuli ring
 22052 | Elf:1    | Identified the ring of the Lily {MP+9 Str+4 Int-3 Dex+7} (You found it on level 1 of the Elven Halls)
 22976 | Elf:2    | Found a runed gate.
 22978 | Elf:2    | Found a runed gate.
 22978 | Elf:2    | Found a runed gate.
 23701 | Elf:2    | Reached skill level 15 in Dodging
 24157 | Lair:1   | Entered Level 1 of the Lair of Beasts
 25346 | Lair:2   | Received a gift from Trog
 25359 | Lair:2   | Noticed Sonja
 25366 | Lair:2   | Killed Sonja
 26277 | Lair:3   | Found a dark tunnel.
 26283 | Volcano  | Entered a volcano
 26551 | Volcano  | Found a bloodstained altar of Trog.
 26890 | Lair:3   | Found a staircase to the Shoals.
 26902 | Lair:3   | Reached XP level 16. HP: 90/90 MP: 26/26
 27591 | Lair:4   | Found a hole to the Spider Nest.
 27997 | Lair:4   | Received a gift from Trog
 28198 | Spider:1 | Entered Level 1 of the Spider Nest
 28593 | Spider:1 | Reached skill level 1 in Unarmed Combat
 28782 | Spider:1 | Noticed Azrael
 28806 | Spider:1 | Killed Azrael
 28806 | Spider:1 | Reached skill level 1 in Spellcasting
 29202 | Spider:2 | Noticed Wiglaf
 29212 | Spider:2 | Killed Wiglaf
 29264 | Spider:2 | Noticed Aizul
 29296 | Spider:2 | Killed Aizul
 31174 | Spider:4 | Entered Level 4 of the Spider Nest
 31511 | Spider:4 | Reached skill level 16 in Dodging
 31777 | Spider:4 | Reached XP level 17. HP: 95/95 MP: 27/27
 32133 | Spider:4 | Got a gossamer rune of Zot
 32825 | Shoals:1 | Entered Level 1 of the Shoals
 32991 | Shoals:1 | Received a gift from Trog
 33108 | Shoals:1 | Noticed kroki's ghost (mighty TrCK)
 33187 | Shoals:1 | Killed kroki's ghost
 33367 | Shoals:1 | Reached skill level 5 in Unarmed Combat
 34317 | Shoals:3 | Gained mutation: You have sharp toenails. [potion of beneficial mutation]
 34610 | Shoals:3 | Noticed Polyphemus
 34747 | Shoals:3 | Killed Polyphemus
 34945 | Shoals:4 | Entered Level 4 of the Shoals
 35324 | Shoals:4 | Noticed Ilsuiw
 35351 | Shoals:4 | Killed Ilsuiw
 35434 | Shoals:4 | Reached XP level 18. HP: 45/102 MP: 15/29
 36113 | Shoals:4 | Got a barnacled rune of Zot
 36812 | Lair:5   | Reached skill level 17 in Dodging
 37913 | Lair:7   | Received a gift from Trog
 37957 | Lair:7   | Reached skill level 10 in Shields
 38630 | Lair:8   | Entered Level 8 of the Lair of Beasts
 39280 | Lair:8   | Found a runed door.
 39280 | Lair:8   | Found a viscous altar of Jiyva.
 39297 | Lair:8   | Found a staircase to the Slime Pits.
 39445 | Lair:8   | Received a gift from Trog
 39768 | Slime:1  | Entered Level 1 of the Pits of Slime
 41530 | Elf:2    | Reached XP level 19. HP: 88/107 MP: 30/30
 41701 | Elf:2    | Received a gift from Trog
 41701 | Elf:2    | Reached skill level 15 in Fighting
 41733 | Elf:3    | Entered Level 3 of the Elven Halls
 41737 | Elf:3    | Found a magical portal.
 41772 | WizLab   | Entered The Chambers of Luitie Hecij the Cloud Mage
 42293 | WizLab   | Reached skill level 10 in Armour
 42547 | WizLab   | Identified the Almanac of the Birds and Battle Magic
 42551 | WizLab   | Identified the Guide on the Birds
 43039 | Elf:3    | Killed from afar by a deep elf annihilator

Vault maps used:
D:1:      saegor_arrival_fortress, amethyst_killhole, minmay_box_of_dots
D:2:      nicolae_gozag_seed_capital, minitemple, fedhas_altar_3, first_bread
D:3:      overflow_temple_1_default
D:4:      minmay_three_crescents
D:6:      serial_shops, shop, lemuel_oklob_altar
D:7:      temple_pool_a
D:8:      lair_0_dummy, serial_shops, kennysheep_mini, shop,
          nicolae_shop_crystal, shop, item_on_display_a
D:9:      basic_altar, serial_shops, shop_statue
D:10:     erik_orc_2, hangedman_fish_farm, grunt_qazlal_sundering, uniq_nergalle
D:12:     serial_shops, shop_statue, shop, nicolae_shop_waterfront, shop,
          hangedman_cracks_in_the_wall
D:13:     portal_ice_cave_entry_pillars_01
D:14:     lemuel_ice_spiral_2, erik_vaults_2, minmay_misc_feat_columns,
          guppyfry_shop_earth
D:15:     grunt_enter_depths_giant_problem
Lair:1:   lemuel_fruit_tree
Lair:2:   minmay_holes, uniq_sonja
Lair:3:   minmay_shoals_entry_lonely_mermaid, nicolae_volcano_entry_hallway,
          serial_bayou_lagoon_a
Lair:4:   spider_nest_entry_webs
Lair:5:   cheibrodos_magma_flow
Lair:6:   nicolae_quartered_pool_super, minivault_25
Lair:8:   hangedman_lair_in_review, slime_altar_2
Shoals:3: uniq_polyphemus
Shoals:4: shoals_end_hangedman, shoals_ilsuiw_alternative
Spider:1: uniq_azrael
Spider:2: uniq_wiglaf, uniq_aizul
Spider:3: hangedman_stitches_earthworm
Spider:4: grunt_spider_rune_circles
Slime:2:  uniq_dissolution
Orc:1:    basic_altar
Orc:2:    serial_shops, shop, special_room
Orc:3:    nicolae_orc_pool_cavern
Orc:4:    st_orc_congregation, lab_entry_generic, uniq_saint_roka
Elf:1:    elf_arrival_002, serial_shops, shop, kennysheep_underground_church,
          uniq_nikola
Elf:3:    grunt_elf_hall_spiral, infiniplex_enter_wizlab_glasses
Lab:      nicolae_lab_hexagon, nicolae_lab_grate, labyrinth_fake_exit,
          nicolae_lab_blocks, nicolae_lab_checkerboard, nicolae_lab_plus,
          nicolae_lab_stuck, nicolae_lab_t_cross, nicolae_lab_x,
          labyrinth_glass_1, nicolae_lab_very_dead_end, nicolae_lab_lava
IceCv:    ice_cave_caverns_02
Volcano:  volcano_lake
WizLab:   wizlab_cloud

Action                   |  1- 3 |  4- 6 |  7- 9 | 10-12 | 13-15 | 16-18 | 19-21 || total
-------------------------+-------+-------+-------+-------+-------+-------+-------++-------
Melee: Short sword       |    73 |       |       |       |       |       |       ||    73
       Dagger            |    59 |   246 |   294 |  1390 |   402 |       |       ||  2391
       Quick blade       |       |       |    92 |    43 |  1108 |    85 |   480 ||  1808
       Rapier            |       |       |       |       |  1150 |  3299 |   219 ||  4668
Invok: Berserk           |     1 |       |     2 |     6 |     4 |       |       ||    13
       Trog's Hand       |       |     1 |     4 |    15 |    18 |    29 |     3 ||    70
       Brothers in Arms  |       |       |       |     6 |    14 |    14 |       ||    34
 Abil: Evoke Invisibilit |       |       |       |     5 |     1 |       |       ||     6
       Breathe Fire      |       |       |       |       |     1 |       |       ||     1
Evoke: Wand              |       |       |     3 |    37 |    40 |   113 |     1 ||   194
  Use: Scroll            |       |    17 |     3 |    14 |    15 |    18 |     1 ||    68
       Potion            |       |       |       |     8 |     4 |     9 |     1 ||    22
 Stab: Sleeping          |     6 |    11 |    24 |    61 |     9 |       |       ||   111
       Distracted        |       |     1 |       |    12 |     4 |     6 |       ||    23
       Invisible         |       |       |       |    14 |     3 |    18 |       ||    35
       Confused          |       |       |       |    13 |     6 |    28 |     2 ||    49
       Fleeing           |       |       |       |       |     1 |       |       ||     1
       Paralysed         |       |       |       |       |     5 |     6 |       ||    11
       Petrified         |       |       |       |       |       |     1 |       ||     1
       Petrifying        |       |       |       |       |       |     4 |       ||     4
  Eat: Fruit             |       |     1 |     1 |     1 |     3 |    14 |     4 ||    24
       Pizza             |       |       |     3 |       |     1 |     2 |       ||     6
       Bread ration      |       |       |       |     4 |     3 |     1 |       ||     8
       Royal jelly       |       |       |       |       |     1 |     2 |       ||     3
